 Dungeon Crawl Stone Soup version 0.28.0-49-g6dfe1f597d (webtiles) character file.

Game seed: 4394645577712288325

17 Exodus22XD the Poker (level 2, -2/19 (22) HPs)
             Began as a Demonspawn Gladiator on May 15, 2022.
             Slain by an orc
             ... wielding a +0 mace
              (3 damage)
             ... on level 4 of the Dungeon.
             The game lasted 00:00:37 (942 turns).

Exodus22XD the Poker (Demonspawn Gladiator)          Turns: 942, Time: 00:00:38

HP:   -2/19 (22)    AC:  8    Str: 14    XL:     2   Next: 44%
MP:   2/2           EV: 11    Int:  9    God:
Gold: 32            SH:  0    Dex: 14    Spells: 1/1 levels left

rFire   . . .      SeeInvis .   a - +0 trident
rCold   . . .      Faith    .   (no shield)
rNeg    . . .      Spirit   .   k - +0 ring mail {rPois}
rPois   +          Reflect  .   c - +0 helmet
rElec   .          Harm     .   (no cloak)
rCorr   .          Rampage  .   (no gloves)
Will    .....                   (no boots)
Stlth   +.........              (no amulet)
HPRegen 0.06/turn               (no ring)
MPRegen 0.08/turn               (no ring)

@: heavily drained
A: molten scales 1
a: no special abilities


You were on level 4 of the Dungeon.
You visited 1 branch of the dungeon, and saw 3 of its levels.

You collected 32 gold pieces.

Inventory:

Hand Weapons
 a - a +0 trident (weapon)
Missiles
 d - 3 throwing nets (quivered)
Armour
 c - a +0 helmet (worn)
 k - a +0 ring mail of poison resistance (worn)
Scrolls
 h - a scroll of holy word {unknown}
 j - a scroll of identify {unknown}
Potions
 b - 2 potions of degeneration {unknown}
 e - a potion of curing {unknown}
 f - a potion of haste {unknown}
 g - a potion of attraction {unknown}
 i - a potion of brilliance {unknown}


   Skills:
 + Level 2.0 Fighting
 + Level 3.1 Polearms
 + Level 1.9 Throwing
 + Level 2.9 Dodging
 + Level 0.1 Stealth


You had one spell level left.
You didn't know any spells.
Your spell library was empty.

Dungeon Overview and Level Annotations

Branches:
Dungeon (2/15)

Altars:


Innate Abilities, Weirdness & Mutations

You are partially covered in molten scales. (AC +2)


Message History

The necrophage is moderately damaged.
The necrophage hits you.
You feel drained.
A kobold comes into view. It is wielding a +0 dagger.
An orc comes into view. It is wielding a +0 flail.
The kobold shouts!
You hit the necrophage.
The necrophage is heavily damaged.
The necrophage hits you.
You hit the necrophage.
The necrophage is severely damaged.
The necrophage completely misses you. The necrophage hits you.
You puncture the necrophage!
The necrophage is almost destroyed.
The necrophage hits you but does no damage.
You closely miss the necrophage.
The necrophage is almost destroyed.
An orc comes into view. It is wielding a +0 mace.
The necrophage hits you but does no damage.
You hit the necrophage but do no damage.
The necrophage is almost destroyed.
The necrophage barely misses you.
An adder skeleton comes into view.
An orc comes into view. It is wielding a +0 whip.
The orc shouts!
You hit the necrophage.
The necrophage is almost destroyed.
The necrophage barely misses you. The orc hits you with a +0 flail.
* * * LOW HITPOINT WARNING * * *
The kobold hits you with a +0 dagger.
* * * LOW HITPOINT WARNING * * *
You hit the necrophage but do no damage.
The necrophage is almost destroyed.
The necrophage hits you but does no damage.
The kobold hits you but does no damage.
You puncture the necrophage!
You destroy the necrophage!
A quokka comes into view.
The orc hits you but does no damage. The kobold closely misses you.
The orc hits you with a +0 mace.
You die...

#....
#...r
#....
#.... #..o
..##...###
.......o.#
...Z..K@o#
.........#
##########


You could see 3 orcs, a quokka (wandering), a kobold and an adder skeleton.

Vanquished Creatures
  A necrophage (D:4)
  A dart slug (D:1)
  An endoplasm (D:2)
  A giant cockroach (D:1)
  3 hobgoblins (D:1)
  A quokka (D:2)
  A ball python (D:1)
  A frilled lizard (D:1)
  2 kobolds (D:1)
  4 rats
16 creatures vanquished.

Notes
Turn   | Place    | Note
-------+----------+-------------------------------------------
     0 | D:1      | Exodus22XD the Demonspawn Gladiator began the quest for the
                  | Orb.
     0 | D:1      | Reached XP level 1. HP: 16/16 MP: 1/1
   173 | D:1      | Reached skill level 3 in Polearms
   269 | D:1      | Gained mutation: You are partially covered in molten
                  | scales. (AC +2) [demonic ancestry]
   269 | D:1      | Reached XP level 2. HP: 21/22 MP: 2/2
   928 | D:2      | You fall into a shaft and drop 2 floors!
   928 | D:4      | Noticed a necrophage
   942 | D:4      | Killed a necrophage
   942 | D:4      | Slain by an orc

Illustrated notes

Levels and vault maps discovered:
D:1:      psy_arrival_statuary, layout_basic, minivault_14,
          minmay_misc_feat_square
D:2:      layout_loops_ring, basic_ecumenical_altar
D:4:      layout_gridville, minmay_temple_entry_glass, enter_ossuary_4,
          kennysheep_pointless_box

Skill      XL: |  1 |
---------------+----+-----
Polearms       | 3 |  3.1
Fighting       | |  2.0
Throwing       | |  1.9
Dodging        | |  2.9
Stealth        | |  0.1

Action                   || total
-------------------------++-------
Melee: Trident           ||    48
       Punch             ||     1
 Stab: Sleeping          ||     1
Armor: Leather armour    ||     2
       Ring mail         ||    10
Dodge: Dodged            ||    17
